 Dungeon Crawl Stone Soup version 0.27-a0-1438-g9b7c6745da (webtiles) character file.

Game seed: 7666264723316506898

46 AarnesTheHuman the Shield-Bearer (level 3, -3/30 HPs)
             Began as a Formicid Fighter on July 4, 2021.
             Slain by a gnoll (6 damage)
             ... on level 2 of the Dungeon.
             The game lasted 00:01:32 (2034 turns).

AarnesTheHuman the Shield-Bearer (Formicid Fighter) Turns: 2034, Time: 00:01:32

Health: -3/30      AC:  8    Str: 21    XL:     3   Next: 95%
Magic:  3/3        EV:  8    Int:  7    God:
Gold:   74         SH:  9    Dex: 10    Spells: 2/2 levels left

rFire    . . .     SeeInvis +   a - +0 quarterstaff
rCold    . . .     Faith    .   c - +0 kite shield
rNeg     . . .     Spirit   .   b - +0 scale mail
rPois    .         Reflect  .   (helmet unavailable)
rElec    .         Harm     .   g - +0 cloak
rCorr    .         Rampage  .   (no gloves)
Will     .....                  (no boots)
Stlth    ..........             (no amulet)
HPRegen  0.10/turn              (no ring)
MPRegen  0.08/turn              (no ring)

@: mighty
A: permanent stasis, dig shafts and tunnels, antennae 3, four strong arms
a: Dig, Shaft Self


You were on level 2 of the Dungeon.
You visited 1 branch of the dungeon, and saw 2 of its levels.

You collected 74 gold pieces.

Inventory:

Hand Weapons
 a - a +0 quarterstaff (weapon)
Armour
 b - a +0 scale mail (worn)
 c - a +0 kite shield (worn)
 g - a +0 cloak (worn)
Wands
 i - a wand of paralysis (11)
Scrolls
 e - a scroll of amnesia {unknown}
 h - a scroll of fog {unknown}
Potions
 f - a potion of invisibility {unknown}


   Skills:
 + Level 3.6 Fighting
 + Level 2.4 Staves
 + Level 3.6 Armour
 * Level 4.4 Shields


You had 2 spell levels left.
You didn't know any spells.
Your spell library was empty.

Dungeon Overview and Level Annotations

Branches:
Dungeon (2/15)

Altars:


Innate Abilities, Weirdness & Mutations

You cannot be hasted, slowed, berserked, paralysed or teleported.
You can dig through walls and to a lower floor.
You have a pair of large antennae on your head. (SInv)
Your four strong arms can wield two-handed weapons with a shield.


Message History

The gnoll hits you but does no damage.
You barely miss the gnoll.
The gnoll is moderately wounded.
You block the gnoll's attack. x2; The gnoll hits you but does no damage.
You hit the gnoll.
The gnoll is almost dead.
The gnoll barely misses you. The gnoll hits you with a +0 spear!
You sock the gnoll!
You kill the gnoll!
You block the gnoll's attack. x2; The gnoll hits you with a +0 whip.
You feel very mighty all of a sudden.
The gnoll hits you from afar with a +0 spear.
The gnoll hits you but does no damage. The gnoll barely misses you.
You barely miss the gnoll.
The gnoll hits you from afar with a +0 spear!
* * * LOW HITPOINT WARNING * * *
The gnoll barely misses you. You block the gnoll's attack.
You sock the gnoll!
You kill the gnoll!
The gnoll hits you but does no damage. You block the gnoll's attack.
The gnoll hits you but does no damage. The gnoll hits you with a +0 spear.
* * * LOW HITPOINT WARNING * * *
Things that are here:
a +0 whip; a +0 spear; a gnoll corpse You closely miss the gnoll.
You block the gnoll's attack. x2
The gnoll hits you with a +0 spear.
* * * LOW HITPOINT WARNING * * *
You block the gnoll's attack.
Your shield prevents you from hitting the gnoll.
The gnoll barely misses you. You block the gnoll's attack.
You thump the gnoll!
The gnoll is severely wounded.
You block the gnoll's attack. The gnoll completely misses you.
You closely miss the gnoll.
The gnoll is severely wounded.
You block the gnoll's attack. The gnoll hits you but does no damage.
The gnoll hits you with a +0 spear.
* * * LOW HITPOINT WARNING * * *
The gnoll hits you with a +0 spear.
You die...

### #.##### #.....#
#.###.#####################
#.#........................
#.#########################
#.#.......@g...... #
#.#.#######g...... #
#.#'###### ....... #.#
#.................#######.#
#..........................
#......)...................
#..........................
#..........................
#.......... ##..........


You could see 2 gnolls.

Vanquished Creatures
  2 gnolls (D:2)
  2 dart slugs
  3 ball pythons
  3 bats
  An endoplasm (D:1)
  A hobgoblin (D:2)
  A kobold (D:1)
  3 quokkas
  5 frilled lizards
  3 rats
24 creatures vanquished.

Notes
Turn   | Place    | Note
-------+----------+-------------------------------------------
     0 | D:1      | AarnesTheHuman the Formicid Fighter began the quest for the
                  | Orb.
     0 | D:1      | Reached XP level 1. HP: 18/18 MP: 1/1
   216 | D:1      | Reached XP level 2. HP: 1/24 MP: 2/2
   593 | D:1      | Reached skill level 4 in Shields
  1593 | D:2      | Reached XP level 3. HP: 27/29 MP: 3/3
  2034 | D:2      | Slain by a gnoll

Illustrated notes

Levels and vault maps discovered:
D:1:      amcnicky_arrival_choice, layout_basic, serial_forest,
          infiniplex_forest_clump_tiny, infiniplex_forest_lined_4_way,
          infiniplex_forest_clump_small, infiniplex_forest_clump_small,
          infiniplex_forest_straight_3, infiniplex_forest_clump_long
D:2:      layout_basic, basic_altar

Skill      XL: |  1  2 |
---------------+-------+-----
Shields        | 4 |  4.4
Fighting       | |  3.6
Staves         | |  2.4
Armour         | |  3.6

Action                   || total
-------------------------++-------
Melee: Quarterstaff      ||    77
  Use: Potion            ||     1
Armor: Scale mail        ||    26
Dodge: Dodged            ||    28
Block: Kite shield       ||    44

Table legend: (Time is in decaauts)
 A = Elapsed time spent in this place.
 B = Non-inter-level travel time spent in this place.
 C = Inter-level travel time spent in this place.
 D = Time resting spent in this place.
 E = Time spent auto-exploring this place.
 F = Levels seen in this place.
 G = Mean time per level.
                   A        B        C        D        E       F      G
               +--------+--------+--------+--------+--------+-----+--------+
         Total |   2060 |   2022 |     38 |    525 |   1307 |   2 | 1030.0 |
       Dungeon |   2060 |   2022 |     38 |    525 |   1307 |   2 | 1030.0 |
               +--------+--------+--------+--------+--------+-----+--------+

Top non-repeatable levels by time:
     D:1: 1528 daAuts
     D:2: 532 daAuts
